 Dungeon Crawl Stone Soup version 0.29-a0-459-g97dee8cd24 (webtiles) character file.

Game seed: 18348505505179770602

72 croobank the Caller (level 4, 0/32 HPs)
             Began as a Gnoll Summoner on May 20, 2022.
             Slain by Pikel
             ... wielding a +0 whip of flaming
              (2 damage)
             ... on level 3 of the Dungeon.
             The game lasted 00:09:30 (3531 turns).

croobank the Caller (Gnoll Summoner)                Turns: 3531, Time: 00:09:30

Health: 0/32       AC:  2    Str:  8    XL:     4   Next: 26%
Magic:  8/11       EV: 13    Int: 16    God:
Gold:   184        SH:  0    Dex: 12    Spells: 0/13 levels left

rFire   . . .      SeeInvis .   a - +2 short sword (elec)
rCold   . . .      Faith    .   (no shield)
rNeg    . . .      Spirit   .   e - +0 robe
rPois   .          Reflect  .   (no helmet)
rElec   .          Harm     .   (no cloak)
rCorr   .          Rampage  .   (no gloves)
Will    .....                   (no boots)
Stlth   ++........              (no amulet)
HPRegen 0.10/turn               (no ring)
MPRegen 0.12/turn               (no ring)

@: no status effects
A: fangs 1, strong nose, distributed training
a: no special abilities


You were on level 3 of the Dungeon.
You visited 1 branch of the dungeon, and saw 4 of its levels.

You collected 184 gold pieces.

Inventory:

Hand Weapons
 a - a +2 short sword of electrocution (weapon)
 b - a +1 hunting sling of freezing
 h - a +0 long sword
Missiles
 f - 5 stones
 j - 5 poisoned darts
 l - 7 boomerangs
 y - 4 curare-tipped darts
Armour
 e - a +0 robe (worn)
 m - a +0 leather armour
Scrolls
 c - 2 scrolls of fog {unknown}
 n - 2 scrolls of identify {unknown}
 p - a scroll of amnesia {unknown}
 q - a scroll of poison {unknown}
 r - a scroll of brand weapon {unknown}
 x - a scroll of vulnerability {unknown}
 z - a scroll of fear {unknown}
 A - a scroll of blinking {unknown}
 B - a scroll of immolation {unknown}
 C - a scroll of noise {unknown}
Potions
 d - 2 potions of brilliance {unknown}
 g - 3 potions of curing {unknown}
 i - a potion of might {unknown}
 k - 2 potions of attraction {unknown}
 o - a potion of flight {unknown}
 s - a potion of magic
 t - a potion of heal wounds {unknown}
 u - 2 potions of ambrosia {unknown}
 v - a potion of berserk rage {unknown}
 w - 2 potions of degeneration {unknown}


   Skills:
 + Level 1.1 Fighting
 + Level 1.1 Short Blades
 + Level 1.1 Long Blades
 + Level 1.1 Axes
 + Level 1.1 Maces & Flails
 + Level 1.1 Polearms
 + Level 1.1 Staves
 + Level 1.1 Slings
 + Level 1.1 Bows
 + Level 1.1 Crossbows
 + Level 1.1 Throwing
 + Level 1.1 Armour
 + Level 4.6 Dodging
 + Level 4.2 Stealth
 + Level 1.1 Shields
 + Level 1.1 Unarmed Combat
 + Level 5.0 Spellcasting
 + Level 0.8 Conjurations
 + Level 0.8 Hexes
 + Level 7.1 Summonings
 + Level 0.8 Necromancy
 + Level 0.8 Translocations
 + Level 0.8 Transmutations
 + Level 0.8 Fire Magic
 + Level 0.8 Ice Magic
 + Level 0.8 Air Magic
 + Level 0.8 Earth Magic
 + Level 0.8 Poison Magic
 + Level 1.2 Invocations
 + Level 1.1 Evocations


You couldn't memorise any spells.
You knew the following spells:

 Your Spells              Type           Power      Damage    Failure   Level
a - Summon Small Mammal   Summ           100%       N/A       1%          1
b - Call Imp              Summ           26%        N/A       1%          2
c - Call Canine Familiar  Summ           26%        N/A       2%          3
d - Summon Guardian Gole  Hex/Summ       16%        N/A       9%          3
e - Summon Lightning Spi  Summ/Air       16%        N/A       28%         4

Your spell library contained the following spells:

 Spells                   Type           Power      Damage    Failure   Level
 Apportation              Tloc           12%        N/A       11%         1
 Passage of Golubria      Tloc           6%         N/A       71%         4
 Alistair's Intoxication  Tmut/Pois      4%         N/A       96%         5
 Silence                  Hex/Air        3%         N/A       96%         5
 Lehudib's Crystal Spear  Conj/Erth      3%         10d2      100%        8


Dungeon Overview and Level Annotations

Branches:
Dungeon (4/15)
 Temple: D:4-7

Altars:
Trog

Annotations:
D:3 Pikel


Innate Abilities, Weirdness & Mutations

You have very sharp teeth.
Your uncanny sense of smell can sniff out nearby items.
Your experience applies equally to all skills.


Message History

You climb upwards.
There is a stone staircase leading down here.
You hit Pikel. Lightning courses through Pikel!!
Pikel is severely wounded.
Pikel completely misses you.
You closely miss Pikel. You punch Pikel, but do no damage.
Pikel is severely wounded.
Pikel hits you with a +0 whip of flaming.
Pikel burns you.
You closely miss Pikel.
Pikel is severely wounded.
Pikel hits you with a +0 whip of flaming.
Pikel burns you.
Casting: Call Canine Familiar (dangerous; 2% risk of failure)
Confirm with . or Enter, or press ? or * to list all spells.
The spell is quite dangerous to miscast (9% risk of failure)!
Continue anyway?
Okay, then.
Casting: Summon Guardian Golem (quite dangerous; 9% risk of failure)
Confirm with . or Enter, or press ? or * to list all spells.
Pikel misses you.
You completely miss Pikel.
Pikel is severely wounded.
Pikel barely misses you.
Your hound bites Pikel but does no damage.
You hit Pikel but do no damage.
Pikel is severely wounded.
Your hound closely misses Pikel.
Pikel closely misses you.
Your hound bites Pikel.
You completely miss Pikel.
Pikel is severely wounded.
Pikel hits you with a +0 whip of flaming.
* * * LOW HITPOINT WARNING * * *
Pikel burns you.
* * * LOW HITPOINT WARNING * * *
Your hound closely misses Pikel.
Pikel attacks as you move away!
Pikel hits you with a +0 whip of flaming.
* * * LOW HITPOINT WARNING * * *
Pikel burns you.
You die...

<# ####+#............#.# #. .#
#.#..........###+####
.############...............<....
...........###....##.............
.......)...###.#+###.............
......^...........##.#.#..#......
..................##.............
..................##.............
#########.......@Kh.........#####
#...........##).......#
#...........##........#
#....##.....###########
#....#...........#
#....#...........#
#....#...........#
######...........# #...........#


You could see Pikel (ally target) and a friendly hound (summoned).

Vanquished Creatures
  A lemure (D:3)
  An adder (D:3)
  A dart slug (D:1)
  5 orcs (D:3)
  6 ball pythons
  2 endoplasms
  3 goblins
  4 hobgoblins
  3 kobolds
  A quokka (D:3)
  A frilled lizard (D:2)
28 creatures vanquished.

Vanquished Creatures (collateral kills)
  2 dart slugs
  2 endoplasms (D:1)
  5 goblins
  3 hobgoblins (D:1)
  2 kobolds
  A quokka (D:1)
  A ball python (D:1)
  A bat (D:3)
  2 rats (D:1)
19 creatures vanquished.

Vanquished Creatures (others)
  A plant (D:1)
1 creature vanquished.

Grand Total: 48 creatures vanquished

Notes
Turn   | Place    | Note
-------+----------+-------------------------------------------
     0 | D:1      | croobank the Gnoll Summoner began the quest for the Orb.
     0 | D:1      | Reached XP level 1. HP: 13/13 MP: 6/6
   286 | D:1      | Reached XP level 2. HP: 19/19 MP: 5/7
   289 | D:1      | Learned a level 2 spell: Call Imp
   377 | D:1      | Found a faded altar of an unknown god.
   653 | D:1      | Reached XP level 3. HP: 25/25 MP: 5/9
   705 | D:1      | Learned a level 3 spell: Call Canine Familiar
   709 | D:1      | Learned a level 3 spell: Summon Guardian Golem
  1196 | D:1      | Reached skill level 5 in Spellcasting
  1614 | D:2      | Found a bloodstained altar of Trog.
  1723 | D:2      | Reached skill level 1 in Invocations
  2496 | D:3      | Reached skill level 1 in Fighting
  2496 | D:3      | Reached skill level 1 in Short Blades
  2496 | D:3      | Reached skill level 1 in Long Blades
  2496 | D:3      | Reached skill level 1 in Axes
  2496 | D:3      | Reached skill level 1 in Maces & Flails
  2496 | D:3      | Reached skill level 1 in Polearms
  2496 | D:3      | Reached skill level 1 in Staves
  2496 | D:3      | Reached skill level 1 in Slings
  2496 | D:3      | Reached skill level 1 in Bows
  2496 | D:3      | Reached skill level 1 in Crossbows
  2496 | D:3      | Reached skill level 1 in Throwing
  2496 | D:3      | Reached skill level 1 in Armour
  2496 | D:3      | Reached skill level 1 in Shields
  2496 | D:3      | Reached skill level 1 in Unarmed Combat
  2496 | D:3      | Reached skill level 1 in Evocations
  2502 | D:3      | Reached XP level 4. HP: 19/32 MP: 3/11
  3047 | D:3      | Learned a level 4 spell: Summon Lightning Spire
  3272 | D:4      | Noticed a lemure
  3272 | D:4      | Noticed a lemure
  3272 | D:4      | Noticed Pikel
  3305 | D:3      | Killed a lemure
  3531 | D:3      | Slain by Pikel

Illustrated notes

Levels and vault maps discovered:
D:1:      sevenhm_arrival_forest_fort_small_6, layout_basic,
          shapermc_ecumenical_altar_mp_ritualfount, kennysheep_pointless_box,
          minmay_surrounded
D:2:      layout_loops_corners, basic_altar
D:3:      layout_basic, corexii_shack
D:4:      layout_gridville, temple_green, uniq_pikel

Skill      XL: |  1  2  3 |
---------------+----------+-----
Spellcasting   | 5 |  5.0
Invocations    | 1 |  1.2
Fighting       | 1 |  1.1
Short Blades   | 1 |  1.1
Long Blades    | 1 |  1.1
Axes           | 1 |  1.1
Maces & Flails | 1 |  1.1
Polearms       | 1 |  1.1
Staves         | 1 |  1.1
Slings         | 1 |  1.1
Bows           | 1 |  1.1
Crossbows      | 1 |  1.1
Throwing       | 1 |  1.1
Armour         | 1 |  1.1
Shields        | 1 |  1.1
Unarmed Combat | 1 |  1.1
Evocations     | 1 |  1.1
Dodging        | |  4.6
Stealth        | |  4.2
Conjurations   | |  0.8
Hexes          | |  0.8
Summonings     | |  7.1
Necromancy     | |  0.8
Translocations | |  0.8
Transmutations | |  0.8
Fire Magic     | |  0.8
Ice Magic      | |  0.8
Air Magic      | |  0.8
Earth Magic    | |  0.8
Poison Magic   | |  0.8

Action                   |  1- 3 |  4- 6 || total
-------------------------+-------+-------++-------
Melee: Unarmed           |     9 |       ||     9
       Bite              |     6 |     2 ||     8
       Short sword       |    25 |    41 ||    66
       Punch             |       |     1 ||     1
 Fire: Hunting sling     |    15 |       ||    15
 Cast: Summon Small Mamm |    26 |       ||    26
       Call Imp          |     5 |       ||     5
       Call Canine Famil |     2 |     1 ||     3
 Stab: Distracted        |     1 |       ||     1
Armor: Robe              |     4 |     4 ||     8
Dodge: Dodged            |    16 |    26 ||    42

Table legend: (Time is in decaauts)
 A = Elapsed time spent in this place.
 B = Non-inter-level travel time spent in this place.
 C = Inter-level travel time spent in this place.
 D = Time resting spent in this place.
 E = Time spent auto-exploring this place.
 F = Levels seen in this place.
 G = Mean time per level.
                   A        B        C        D        E       F      G
               +--------+--------+--------+--------+--------+-----+--------+
         Total |   3539 |   3442 |     97 |    687 |   2259 |   4 |  884.8 |
       Dungeon |   3539 |   3442 |     97 |    687 |   2259 |   4 |  884.8 |
               +--------+--------+--------+--------+--------+-----+--------+

Top non-repeatable levels by time:
     D:1: 1347 daAuts
     D:3: 1217 daAuts
     D:2: 913 daAuts
     D:4: 61 daAuts
